 Dungeon Crawl Stone Soup version 0.28.0-1-gb440e238dd (webtiles) character file.

Game seed: 17849139894667181387

26567 spaghetti the Warrior (level 13, 0/182 HPs)
             Began as an Ogre Berserker on Feb 22, 2022.
             Was a Priest of Trog.
             Slain by a tengu reaver (9 damage)
             ... on level 12 of the Dungeon.
             The game lasted 00:24:06 (24084 turns).

spaghetti the Warrior (Ogre Berserker)             Turns: 24084, Time: 00:24:07

Health: 0/182      AC:  9    Str: 28    XL:     13   Next: 26%
Magic:  13/13      EV: 13    Int:  9    God:    Trog [***...]
Gold:   338        SH: 12    Dex: 16    Spells: 12/12 levels left

rFire   + + .      SeeInvis .   L - +2 mace (venom)
rCold   + + .      Faith    +   z - +2 shield of Resistance {rF++ rC++ Will++}
rNeg    . . .      Spirit   .   D - +0 swamp dragon scales
rPois   +          Reflect  .   (helmet restricted)
rElec   .          Harm     .   y - +0 cloak
rCorr   .          Rampage  .   (gloves unavailable)
Will    +++++                   (boots unavailable)
Stlth   +.........              E - amulet of faith
HPRegen 1.40/turn               k - ring of Josydel {EV+4 Int+3 Dex+2}
MPRegen 0.13/turn               h - +6 ring of dexterity

@: strong-willed, on berserk cooldown, regenerating, slowed, very slow
A: large, unfitting armour, tough skin 1, dopey 1, sense surroundings 1, robust
1
a: Renounce Religion, Berserk, Trog's Hand


You were on level 12 of the Dungeon.
You worshipped Trog.
Trog was most pleased with you.
You visited 1 branch of the dungeon, and saw 14 of its levels.

You collected 946 gold pieces.
You spent 608 gold pieces at shops.

Inventory:

Hand Weapons
 a - a +0 morningstar
 t - a +1 giant club
 L - a +2 mace of venom (weapon)
Missiles
 e - 6 throwing nets
 s - 86 sling bullets
 x - 302 stones (quivered)
 A - 22 poisoned darts
 K - 6 large rocks
Armour
 y - a +0 cloak (worn)
 z - the +2 shield of Resistance (worn) {rF++ rC++ Will++}
   (You acquired it on level 8 of the Dungeon)

   rF:        It greatly protects you from fire.
   rC:        It greatly protects you from cold.
   Will:      It greatly increases your willpower.
 D - +0 swamp dragon scales (worn)
Jewellery
 c - an amulet of regeneration
 h - a +6 ring of dexterity (right hand)
 j - an amulet of magic regeneration
 k - the ring of Josydel (left hand) {EV+4 Int+3 Dex+2}
   (You acquired it on level 3 of the Dungeon)

   [ring of evasion]

   EV:        It affects your evasion (+4).
   Int:       It affects your intelligence (+3).
   Dex:       It affects your dexterity (+2).
 E - an amulet of faith (around neck)
 I - a ring of positive energy
Wands
 b - a wand of digging (2)
 n - a wand of acid (1)
 o - a wand of charming (3)
 u - a wand of iceblast (32)
Scrolls
 d - a scroll of teleportation
 g - 2 scrolls of fog
 l - 2 scrolls of identify
 m - 2 scrolls of blinking {unknown}
 p - 5 scrolls of vulnerability
 q - 2 scrolls of immolation {unknown}
 r - 2 scrolls of silence {unknown}
 H - a scroll of brand weapon {unknown}
 J - a scroll of noise {unknown}
Potions
 f - 5 potions of curing
 i - a potion of cancellation


   Skills:
 + Level 20.3 Fighting
 + Level 10.8 Maces & Flails
 - Level 6.4 Throwing
 - Level 2.6 Dodging
 + Level 7.6 Shields


You had 12 spell levels left.
You didn't know any spells.
Your spell library was empty.

Dungeon Overview and Level Annotations

Branches:
Dungeon (14/15)            Temple (0/1) D:7            Lair (0/6) D:8
    Orc (0/2) D:9          Vaults (0/5) D:13

Altars:
Kikubaaqudgha
Trog

Shops:
D:2 (   D:3 (   D:6 *   D:8 *   D:10 (

Annotations:
D:6 2 transporters, NiggerDarts's ghost, novice HuFi
D:12 exclusion: 2 doors
D:14 Jorgrun


Innate Abilities, Weirdness & Mutations

You are too large for most types of armour.
You have tough skin. (AC +1)
You are dopey. (Int -2)
You passively map a small area around you.
You are robust. (+10% HP)


Message History

You are too injured to fight recklessly!
You are too injured to fight recklessly!
Unknown command.
You sock the tengu reaver!
The tengu reaver looks as sick as possible!
The tengu reaver is heavily wounded.
You are no longer berserk.
You are exhausted.
You feel yourself slow down. The tengu reaver blocks your attack.
The tengu reaver is heavily wounded.
You block the tengu reaver's attack. x2; The tengu reaver claws you.
The tengu reaver hits you with a +1 long sword!!
* * * LOW HITPOINT WARNING * * *
The tengu reaver closely misses you. The tengu reaver claws you.
* * * LOW HITPOINT WARNING * * *
Okay, then.
Okay, then.
Okay, then.
Aiming: Charm
Press: ? - help, Shift-Dir - straight line, f - tengu reaver
Aim: a tengu reaver, wielding a +1 long sword, wearing a +2 scale mail of poison resistance and wearing a +0 buckler (heavily wounded, extremely poisoned, chance to affect: 17%)
Okay, then.
It was a potion of magic.
Magic courses through your body. You block the tengu reaver's attack.
The tengu reaver completely misses you. The tengu reaver claws you.
* * * LOW HITPOINT WARNING * * *
Okay, then.
Okay, then.
Your skin crawls.
You feel strong-willed. The tengu reaver barely misses you.
The tengu reaver pecks you.
* * * LOW HITPOINT WARNING * * *
The tengu reaver claws you but does no damage.
The tengu reaver hits you with a +1 long sword!
* * * LOW HITPOINT WARNING * * *
The tengu reaver pecks you!
* * * LOW HITPOINT WARNING * * *
The tengu reaver claws you!
You die...

.................#...##.#
........<........#...##.#
....##...........+......#
....##.....##....#......#
....##.....##....#......#
...........#####'#......#
..........####*#.#......#
.......####...÷#÷#......#
.....### .....BQ@#......#
....## , .....)#[#......#
##'##**+ ##### ###......#
...# ,* ,,#........# ..##
+ * , #........# ..#, *
,,########.# ..# * #.#
.## * * #.# .#, * * #.#


You could see a tengu reaver (very poisoned) and a boulder beetle.

Vanquished Creatures
  An ironbound preserver (D:13)
  Harold (D:7)
  A hydra (D:12)
  2 centaur warriors
  3 boulder beetles
  Erica (D:8)
  A death knight (D:11)
  A two-headed ogre (D:13)
  An orc knight (D:12)
  A harpy (D:12)
  2 deep elf pyromancers
  3 ugly things
  4 manticores
  5 molten gargoyles
  Joseph (D:10)
  2 gargoyles
  An unseen horror (shapeshifter) (D:14)
  An unseen horror (D:11)
  5 trolls
  A meliai (D:12)
  2 hornets
  A shadow (D:12)
  Sigmund (D:3)
  A wyvern (D:10)
  A vampire (D:12)
  3 wraiths
  5 yaks (D:8)
  2 steam dragons
  Menkaure (D:4)
  An acid dragon (D:10)
  4 water moccasins
  3 orc warriors
  3 black bears
  3 ice beasts
  A necrophage (D:6)
  4 ogres
  7 centaurs
  2 phantoms
  2 kobold brigands
  5 bullfrogs
  A wyvern zombie (D:8)
  3 scorpions
  A water moccasin skeleton (D:4)
  17 killer bees
  A howler monkey (D:5)
  A lava snake (D:13)
  2 centaur zombies
  A hound (D:6)
  3 jellies
  Crazy Yiuf (D:6)
  2 gnoll shamans
  7 orc priests
  4 iguanas
  14 orc wizards
  Natasha (thrice) (D:2)
  A hound zombie (D:5)
  A howler monkey zombie (D:7)
  13 gnolls
  A howler monkey skeleton (D:7)
  8 adders
  2 white imps (D:6)
  3 adder skeletons (D:4)
  2 worms
  52 orcs
  6 ball pythons
  9 endoplasms
  5 giant cockroaches
  12 goblins
  8 hobgoblins
  6 jackals
  11 quokkas
  6 bats
  4 frilled lizards
  20 kobolds
  10 rats
331 creatures vanquished.

Vanquished Creatures (collateral kills)
  A boulder beetle (D:14)
  2 centaur warriors (D:13)
  A cyclops (D:14)
  Maggie (D:8)
  A wraith (D:13)
  2 centaurs (D:13)
  2 bullfrogs (D:8)
  A killer bee zombie (D:8)
11 creatures vanquished.

Vanquished Creatures (others)
  3 humans (D:14)
  37 fungi (D:8)
  44 plants (D:8)
84 creatures vanquished.

Grand Total: 426 creatures vanquished

Notes
Turn   | Place    | Note
-------+----------+-------------------------------------------
     0 | D:1      | spaghetti the Ogre Berserker began the quest for the Orb.
     0 | D:1      | Reached XP level 1. HP: 24/24 MP: 1/1
   244 | D:1      | Reached XP level 2. HP: 32/33 MP: 2/2
   575 | D:1      | Found a faded altar of an unknown god.
   950 | D:2      | Reached skill level 5 in Fighting
   950 | D:2      | Reached XP level 3. HP: 24/42 MP: 3/3
  1323 | D:2      | Reached ** piety under Trog
  1439 | D:2      | Reached XP level 4. HP: 50/50 MP: 4/4
  1599 | D:2      | Found Fuycirph's Weapon Emporium.
  1657 | D:2      | Noticed Natasha
  1670 | D:2      | Killed Natasha
  1671 | D:2      | Reached skill level 6 in Fighting
  1839 | D:2      | Noticed Natasha
  1853 | D:2      | Killed Natasha
  1854 | D:2      | Reached XP level 5. HP: 42/61 MP: 5/5
  2147 | D:2      | Noticed Natasha
  2167 | D:2      | Killed Natasha
  2168 | D:2      | Reached skill level 7 in Fighting
  2648 | D:3      | Found Muorah's Weapon Emporium.
  2740 | D:3      | Noticed a water moccasin
  2747 | D:3      | Killed a water moccasin
  2748 | D:3      | Reached skill level 8 in Fighting
  2748 | D:3      | Reached XP level 6. HP: 74/74 MP: 6/6
  2755 | D:3      | Identified a scroll of acquirement
  2755 | D:3      | Acquired the ring of Josydel {EV+4 Int+3 Dex+2}
  3261 | D:3      | Noticed Sigmund
  3270 | D:3      | Killed Sigmund
  3271 | D:3      | Reached skill level 9 in Fighting
  3629 | D:4      | Reached XP level 7. HP: 83/83 MP: 7/7
  3725 | D:4      | Reached skill level 10 in Fighting
  4203 | D:4      | Reached skill level 11 in Fighting
  4662 | D:4      | Reached XP level 8. HP: 58/97 MP: 8/8
  4985 | D:4      | Noticed Menkaure
  4999 | D:4      | Killed Menkaure
  5000 | D:4      | Reached skill level 12 in Fighting
  5515 | D:4      | Reached *** piety under Trog
  6365 | D:5      | Entered Level 5 of the Dungeon
  6372 | D:5      | Reached skill level 13 in Fighting
  6992 | D:5      | Reached skill level 1 in Throwing
  7153 | D:5      | Found a bloodstained altar of Trog.
  7207 | D:5      | Reached skill level 14 in Fighting
  7538 | D:6      | Reached XP level 9. HP: 78/113 MP: 9/9
  7709 | D:6      | Noticed NiggerDarts's ghost (novice HuFi)
  7713 | D:6      | Noticed a manticore
  7736 | D:6      | Found a transporter.
  7797 | D:6      | Reached **** piety under Trog
  8416 | D:6      | Found a transporter.
  8445 | D:6      | Reached skill level 15 in Fighting
  9076 | D:6      | Found Yrafehiu's General Store.
  9083 | D:6      | Bought a potion of mutation for 88 gold pieces
  9083 | D:6      | Gained mutation: You are somewhat resistant to further
                  | mutation. [potion of mutation]
  9414 | D:6      | Found a runed translucent door.
  9415 | D:6      | Noticed Crazy Yiuf
  9510 | D:6      | Killed Crazy Yiuf
  9632 | D:7      | Lost mutation: You are somewhat resistant to further
                  | mutation. [potion of mutation]
  9632 | D:7      | Gained mutation: You are weak. (Str -2) [potion of
                  | mutation]
  9632 | D:7      | Gained mutation: You passively map a small area around you.
                  | [potion of mutation]
  9632 | D:7      | Gained mutation: You are frail. (-10% HP) [potion of
                  | mutation]
  9632 | D:7      | Gained mutation: You are partially covered in iridescent
                  | scales. (AC +2) [potion of mutation]
 10705 | D:7      | Noticed Harold
 10718 | D:7      | Killed Harold
 10719 | D:7      | Reached skill level 16 in Fighting
 11073 | D:7      | Found a staircase to the Ecumenical Temple.
 11108 | D:7      | Reached XP level 10. HP: 70/114 MP: 10/10
 11856 | D:8      | Reached skill level 5 in Throwing
 12034 | D:8      | Noticed Maggie
 12058 | D:8      | Killed Maggie
 12300 | D:8      | Noticed Erica
 12312 | D:7      | Paralysed by a hornet for 2 turns
 12319 | D:7      | Reached skill level 5 in Maces & Flails
 12325 | D:7      | HP: 4/117 [poisoned by a hornet]
 12882 | D:8      | Reached skill level 17 in Fighting
 13203 | D:8      | Killed Erica
 13727 | D:8      | Found a staircase to the Lair.
 14067 | D:8      | Found Vupeej's General Store.
 14545 | D:9      | Reached XP level 11. HP: 120/126 MP: 11/11
 15062 | D:9      | Found an ancient bone altar of Kikubaaqudgha.
 15179 | D:9      | Reached ***** piety under Trog
 15184 | D:9      | Found a staircase to the Orcish Mines.
 15827 | D:8      | Bought a scroll of acquirement for 520 gold pieces
 15827 | D:8      | Acquired the +2 shield of Resistance {rF++ rC++ Will++}
 15827 | D:8      | Found the +2 shield of Resistance {rF++ rC++ Will++}
 15880 | D:10     | Entered Level 10 of the Dungeon
 16432 | D:10     | Reached skill level 1 in Shields
 16604 | D:10     | Noticed Joseph
 16619 | D:10     | Killed Joseph
 17132 | D:10     | Found Voyfi's Antique Weapon Shop.
 17752 | D:11     | Reached skill level 18 in Fighting
 18092 | D:11     | Noticed a death knight
 18106 | D:11     | Killed a death knight
 18287 | D:11     | Noticed a manticore
 18301 | D:11     | Killed a manticore
 18305 | D:11     | Noticed a manticore
 18323 | D:11     | Killed a manticore
 19000 | D:11     | You fall into a shaft and drop 3 floors!
 19010 | D:14     | Noticed a centaur warrior
 19015 | D:14     | Noticed a boulder beetle
 19023 | D:14     | Killed a centaur warrior
 19045 | D:14     | Noticed a cyclops
 19053 | D:14     | Killed a boulder beetle
 19055 | D:14     | Killed a cyclops
 19265 | D:14     | Reached XP level 12. HP: 73/136 MP: 12/12
 19580 | D:14     | Noticed Jorgrun
 19643 | D:13     | Noticed a centaur warrior
 19652 | D:13     | Killed a centaur warrior
 19654 | D:13     | Reached skill level 5 in Shields
 19656 | D:13     | Reached skill level 19 in Fighting
 19661 | D:13     | Noticed a centaur warrior
 19664 | D:13     | Killed a centaur warrior
 20263 | D:13     | Noticed a boulder beetle
 20263 | D:13     | Noticed a two-headed ogre
 20265 | D:13     | Noticed a boulder beetle
 20276 | D:13     | Killed a boulder beetle
 20277 | D:13     | Noticed an ironbound preserver
 20279 | D:13     | Killed a two-headed ogre
 20467 | D:13     | Killed a boulder beetle
 20582 | D:13     | Killed an ironbound preserver
 20906 | D:13     | Found a gate to the Vaults.
 20981 | D:13     | Noticed a centaur warrior
 20990 | D:13     | Killed a centaur warrior
 21238 | D:13     | Reached skill level 10 in Maces & Flails
 22271 | D:12     | Reached XP level 13. HP: 81/148 MP: 13/13
 22292 | D:12     | Reached skill level 20 in Fighting
 22299 | D:12     | Lost mutation: You are weak. (Str -2) [potion of mutation]
 22299 | D:12     | Lost mutation: You are frail. (-10% HP) [potion of
                  | mutation]
 22299 | D:12     | Lost mutation: You are partially covered in iridescent
                  | scales. (AC +2) [potion of mutation]
 22299 | D:12     | Gained mutation: You are dopey. (Int -2) [potion of
                  | mutation]
 22299 | D:12     | Gained mutation: You are robust. (+10% HP) [potion of
                  | mutation]
 24061 | D:12     | Noticed a tengu reaver
 24084 | D:12     | HP: 9/182 [tengu reaver (7)]
 24084 | D:12     | Slain by a tengu reaver

Illustrated notes

Levels and vault maps discovered:
D:1:      dpeg_arrival_rhombi, layout_loops_ring,
          hellmonk_ecumenical_altar_slurped_away
D:2:      layout_loops_ring, serial_shops, shop, minmay_tromino_v4_c,
          uniq_natasha
D:3:      layout_loops_corners, serial_shops, nicolae_shop_trees,
          minmay_misc_feat_square, dk_noncrumbling_4, uniq_sigmund
D:4:      layout_loops_corners, grunt_ministairs_4, minmay_joined_circles,
          uniq_menkaure
D:5:      layout_gridville, lemuel_coloured_pillars_altar
D:6:      layout_basic, gammafunk_ghost_arena, serial_shops, shop,
          gup_sewer_entry_pipe, uniq_crazy_yiuf_cottage
D:7:      layout_cave_pools, minmay_temple_entry_junction, enter_bailey_4,
          uniq_harold
D:8:      layout_basic, due_lair_maze_entry_diamond, serial_shops,
          nicolae_stop_n_shop_1, minmay_misc_feat_ornament, serial_park_tiny_1,
          uniq_maggie, uniq_erica
D:9:      layout_small_grid, kiku_gazebo_pond_becter, erik_orc_3
D:10:     layout_loops_corners, serial_aquarium, aquarium_bridge_square
          [aquarium_subvault_wall, aquarium_subvault_bridge,
          aquarium_subvault_wall, aquarium_subvault_window],
          aquarium_window_fake, aquarium_window_1, aquarium_view_2f,
          aquarium_view_2e, aquarium_balcony_1b, aquarium_pool_2, serial_shops,
          shop, uniq_joseph
D:11:     layout_stronghold
D:12:     minmay_sliced_demisemicircle, layout_stronghold, minivault_8
D:13:     layout_basic, skrybe_vaults_entry_preservation
D:14:     dreamdust_experimentation, layout_rooms, serial_shops, shop,
          nicolae_tso_swordbearing_angel, uniq_jorgrun

Skill      XL: |  1  2  3  4  5  6  7  8  9 10 11 12 13 |
---------------+----------------------------------------+-----
Maces & Flails | 3 4 6 8 10 | 10.8
Fighting       | 5 6 8 9 11 14 16 17 18 19 20 | 20.3
Throwing       | 2 4 6 |  6.4
Shields        | 4 6 7 |  7.6
Dodging        | |  2.6

Action                   |  1- 3 |  4- 6 |  7- 9 | 10-12 | 13-15 || total
-------------------------+-------+-------+-------+-------+-------++-------
Melee: Mace              |    90 |   107 |       |   173 |   137 ||   507
       Short sword       |       |    17 |   404 |       |       ||   421
       Punch             |       |       |    12 |     4 |       ||    16
       Whip              |       |       |    51 |   506 |       ||   557
Throw: Stone             |       |       |       |    11 |       ||    11
Invok: Berserk           |       |     5 |     9 |    18 |     5 ||    37
       Trog's Hand       |       |     1 |       |     3 |     1 ||     5
       Brothers in Arms  |       |       |       |     4 |       ||     4
Evoke: Wand              |       |       |       |     3 |       ||     3
  Use: Scroll            |       |     3 |     2 |     9 |     1 ||    15
       Potion            |       |       |     6 |     7 |     2 ||    15
 Stab: Sleeping          |     1 |     1 |     2 |     1 |       ||     5
Armor: Animal skin       |    36 |    46 |    63 |    36 |       ||   181
       Swamp dragon scal |       |       |       |   257 |    20 ||   277
       Skin              |       |       |       |    26 |       ||    26
Dodge: Dodged            |    61 |    91 |   372 |   386 |    39 ||   949
Block: Kite shield       |       |       |       |   244 |    75 ||   319
